 Dungeon Crawl Stone Soup version 0.29.1-14-g9c671dbff4 (webtiles) character file.

Game seed: 1989167058934193478

22 rikstar the Chopper (level 2, -1/27 HPs)
             Began as a Minotaur Berserker on Feb 18, 2023.
             Was a Follower of Trog.
             Killed from afar by Natasha (3 damage)
             ... with a magic dart
             ... on level 2 of the Dungeon.
             The game lasted 00:40:09 (1593 turns).

rikstar the Chopper (Minotaur Berserker)            Turns: 1593, Time: 00:40:09

Health: -1/27      AC: 11    Str: 21    XL:     2   Next: 68%
Magic:  1/1        EV:  8    Int:  4    God:    Trog [*.....]
Gold:   77         SH:  0    Dex:  9    Spells: 1/1 levels left

rFire   . . .      SeeInvis .   a - +0 hand axe
rCold   + . .      Faith    .   (no shield)
rNeg    . . .      Spirit   .   h - +0 chain mail
rPois   .          Reflect  .   (helmet restricted)
rElec   .          Harm     .   (no cloak)
rCorr   .          Rampage  .   m - +0 pair of gloves
Will    .....                   r - +0 pair of boots
Stlth   ..........              (no amulet)
HPRegen 0.09/turn               c - ring of protection from cold
MPRegen 0.07/turn               (no ring)

@: no status effects
A: horns 2, retaliatory headbutt
a: Renounce Religion, Berserk


You were on level 2 of the Dungeon.
You worshipped Trog.
Trog was aware of your devotion.
You visited 1 branch of the dungeon, and saw 2 of its levels.

You collected 77 gold pieces.

Inventory:

Hand Weapons
 a - a +0 hand axe (weapon)
 b - a +0 sling
Missiles
 e - 2 javelins (quivered)
 g - 24 stones
 i - 3 poisoned darts
Armour
 h - a +0 chain mail (worn)
 m - a +0 pair of gloves (worn)
 r - a +0 pair of boots (worn)
Jewellery
 c - a ring of protection from cold (left hand)
 t - a ring of willpower
Scrolls
 p - 2 scrolls of fear
 v - a scroll of silence {unknown}
Potions
 d - a potion of mutation {unknown}
 j - 2 potions of attraction {unknown}
 l - 2 potions of degeneration {unknown}
 n - 4 potions of curing {unknown}
 o - a potion of lignification {unknown}
 q - a potion of haste {unknown}


   Skills:
 - Level 3.7 Fighting
 + Level 4.8 Axes
 - Level 2.4 Armour
 - Level 2.2 Dodging


You had one spell level left.
You didn't know any spells.
Your spell library contained the following spells:

 Spells                   Type           Power      Damage    Failure   Level
 Sublimation of Blood     Necr           0%         N/A       100%        2
 Animate Dead             Necr           0%         N/A       100%        4
 Petrify                  Tmut/Erth      0%         N/A       100%        4
 Borgnjor's Vile Clutch   Necr/Erth      0%         N/A       100%        5
 Irradiate                Conj/Tmut      0%         3d11      100%        5
 Death Channel            Necr           0%         N/A       100%        6


Dungeon Overview and Level Annotations

Branches:
Dungeon (2/15)

Altars:
Wu Jian

Annotations:
D:2 Natasha


Innate Abilities, Weirdness & Mutations

You have a pair of horns on your head.
You reflexively headbutt those who attack you in melee.


Message History

You can't see that place.
There is an ornate altar of the Wu Jian Council here.
You kneel at the altar of Wu Jian.
Found a club.
An adder zombie and Natasha come into view.
Natasha is carrying a wand of quicksilver (8).
Press: ? - help, v - describe, . - travel A dead tree.
Press: ? - help, v - describe, . - travel
Here: a withered plant The floor.
Natasha zaps a wand.
The bolt of dispelling energy hits you.
Natasha drinks a potion.
Natasha suddenly seems more resistant.
Natasha mumbles some strange words.
The crimson imp puffs mist at you.
Natasha zaps a wand.
The bolt of dispelling energy hits you.
Natasha zaps a wand.
The bolt of dispelling energy hits you!!
Ouch! That really hurt!
* * * LOW HITPOINT WARNING * * *
Natasha casts a spell at you.
The magic dart hits you but does no damage.
Okay, then.
As you read the scroll labelled MEUMMO BITOS, it crumbles to dust.
You hear a loud clanging noise!
It was a scroll of noise.
You hear an angry hiss.
As you read the scroll labelled MILIXONLAO, it crumbles to dust.
It is a scroll of identify.
p - 2 scrolls of fear
As you read the scroll labelled GAXTEW ZESSI, it crumbles to dust.
It is a scroll of amnesia.
You feel forgetful for a moment.
As you read the scroll labelled ADAVVAQENN, it crumbles to dust.
You feel a surge of unholy energy.
Natasha convulses!
It was a scroll of torment.
The crimson imp disappears in a puff of smoke!
Natasha casts a spell at you. The magic dart hits you.
You die...

.....#♣♣♣♣♣.........#..........#
....................#.......##.#
.............######.#..........#
.............# #.#.......#...
.............# #.#########....
####.........# #.# ...
#......)..# ####.# ...
#......Z..# #....# #.....h...#
#@#### #.........# #h########
######.#### #Z........ ##.#
#..####### ##..# #..# #..Z####
#§.# #...h..###..###.##
#..................
#..._..########.###


You could see Natasha (resistant) and an adder zombie.

Vanquished Creatures
  A dart slug (D:1)
  3 endoplasms (D:1)
  A goblin (D:2)
  4 hobgoblins
  A quokka (D:1)
  2 bats (D:1)
  3 frilled lizards (D:1)
  A kobold (D:1)
  3 rats
19 creatures vanquished.

Notes
Turn   | Place    | Note
-------+----------+-------------------------------------------
     0 | D:1      | rikstar the Minotaur Berserker began the quest for the Orb.
     0 | D:1      | Reached XP level 1. HP: 19/19 MP: 0/0
   219 | D:1      | Reached skill level 4 in Axes
   260 | D:1      | Reached XP level 2. HP: 25/27 MP: 1/1
   789 | D:1      | Found a faded altar of an unknown god.
  1533 | D:2      | Found an ornate altar of the Wu Jian Council.
  1560 | D:2      | Noticed Natasha
  1571 | D:2      | Noticed a crimson imp
  1582 | D:2      | HP: 1/27 [Natasha/bolt of dispelling energy (23)]
  1593 | D:2      | Killed from afar by Natasha

Illustrated notes

Levels and vault maps discovered:
D:1:      nzn_arrival_settlement, layout_loops_ring,
          ebering_ecumenical_altar_hall, hangedman_decor_lopped
D:2:      layout_basic, basic_altar, dilly_guarded_unrand_morg

Skill      XL: |  1 |
---------------+----+-----
Axes           | 4 |  4.8
Fighting       | |  3.7
Armour         | |  2.4
Dodging        | |  2.2

Action                   || total
-------------------------++-------
Melee: Hand axe          ||    36
       Headbutt          ||     8
  Use: Scroll            ||     4
Armor: Chain mail        ||     4
       Scale mail        ||     2
Dodge: Dodged            ||    16
